 Dungeon Sprint DCSS version 0.23-a0-644-gb60d84b (webtiles) character file.

0 Leeroy the Cutter (level 1, 14/14 HPs)
             Began as a Kobold Berserker on Jan 1, 2019.
             Was a Follower of Trog.
             Got out of the dungeon alive.
             The game lasted 00:00:53 (29 turns).

Leeroy the Cutter (Kobold Berserker)                  Turns: 29, Time: 00:00:54

Health: 14/14      AC:  2    Str: 14    XL:     1   Next: 0%
Magic:  1/1        EV: 15    Int:  8    God:    Trog [*.....]
Gold:   0          SH:  0    Dex: 14    Spells: 0/0 levels left

rFire    . . .     SeeInvis .   a - +0 short sword
rCold    . . .     Gourm    .   (shield restricted)
rNeg     . . .     Faith    .   b - +0 animal skin
rPois    .         Spirit   .   (no helmet)
rElec    .         Reflect  .   (no cloak)
rCorr    .         Harm     .   (no gloves)
MR       .....     NoTele   +   (no boots)
Stlth    +.........             (no amulet)
HPRegen  0.04/turn              (no ring)
MPRegen  0.07/turn              (no ring)

@: no status effects
A: small, carnivore
a: Berserk, Renounce Religion


You escaped.
You worshipped Trog.
Trog was aware of your devotion.
You were not hungry.

You visited 1 branch

Inventory:

Hand Weapons
 a - a +0 short sword (weapon)
 u - a +5 broad axe
 v - a +5 double sword
 w - a +5 lajatang
Armour
 b - a +0 animal skin (worn)
Scrolls
 i - 4 scrolls of blinking
 p - 7 scrolls of fog
 q - a scroll of holy word
 r - 5 scrolls of identify
 s - 5 scrolls of remove curse
 t - 2 scrolls of fear
Potions
 d - 10 potions of curing
 e - 10 potions of heal wounds
 f - 6 potions of haste
 g - 7 potions of magic
 h - 3 potions of berserk rage
 j - 2 potions of brilliance
 k - 2 potions of invisibility
 l - 4 potions of resistance
 m - a potion of experience
 n - 5 potions of agility
 o - 5 potions of might
Comestibles
 c - a ration


   Skills:
 + Level 3.2 Fighting
 + Level 4.0 Short Blades
 + Level 1.5 Armour
 + Level 2.4 Dodging


You couldn't memorise any spells.
You didn't know any spells.
Your spell library was empty.

Dungeon Overview and Level Annotations

Branches:
Dungeon (1/1)

Altars:
Ashenzari
Cheibriados
Dithmenos
Elyvilon
Fedhas
Gozag
Hepliaklqana
Kikubaaqudgha
Makhleb
Nemelex Xobeh
Okawaru
Qazlal
Ru
Sif Muna
Trog
Uskayaw
Vehumet
Wu Jian
Xom
Yredelemnul
Zin
The Shining One
Beogh
Jiyva
Lugonu

Annotations:
D 1 transporter


Innate Abilities, Weirdness & Mutations

You are small and have problems with some larger weapons.
You are carnivorous and can eat meat at any time.


Message History

a +5 executioner's axe; a +5 battleaxe
Things that are here:
a +5 bardiche; a +5 demon trident
Items here: )))) a +5 giant spiked club; a +5 giant club; a +5 great mace; a +5 demon whip
Things that are here:
a +5 quick blade; a +5 rapier; a +5 dagger
Items here: )))) a +5 triple sword; a +5 great sword; a +5 double sword; a +5 demon blade You see here a +5 lajatang.
Items here: )))) a +5 triple sword; a +5 great sword; a +5 double sword; a +5 demon blade
v - a +5 double sword You see here a +5 lajatang.
w - a +5 lajatang
Things that are here:
a +5 bardiche; a +5 demon trident
There is a staircase leading out of the dungeon here.
Are you sure you want to leave the Dungeon?
This will make you lose the game!
You have escaped!

▓_............._
▓8.........))..8
▓_..))........._
▓8...).........8
▓_..().....}..._
▓8...)..%..=...8
▓_......?..|..._
▓8...[...../...8
▓_...[.@......._
▓8.............8
▓_............._
▓8_8_8_8_8_8_8_8
▓▓▓▓▓▓▓▓▓▓▓▓▓▓▓▓


There were no monsters in sight!

Vanquished Creatures (others)
  Josephine (D)
  Menkaure (D)
2 creatures vanquished.

Notes
Turn   | Place    | Note
-------+----------+-------------------------------------------
     0 | D        | Found the +6 Majin-Bo {vamp, Archmagi MP+6 Int+6}
     0 | D        | Found the +7 great mace "Firestarter" {inner flame, rF++}
     0 | D        | Leeroy the Kobold Berserker began the quest for the Orb.
     0 | D        | Reached XP level 1. HP: 14/14 MP: 1/1
     0 | D        | Found a blossoming altar of Fedhas.
     1 | D        | Found a deep blue altar of Sif Muna.
     1 | D        | Found a sacrificial altar of Ru.
     1 | D        | Found a bloodstained altar of Trog.
     1 | D        | Found a stormy altar of Qazlal.
     1 | D        | Found an iron altar of Okawaru.
     1 | D        | Found a sparkling altar of Nemelex Xobeh.
     3 | D        | Found a transporter.
     3 | D        | Found an ancient bone altar of Kikubaaqudgha.
     3 | D        | Found a viscous altar of Jiyva.
     3 | D        | Found a corrupted altar of Lugonu.
     3 | D        | Found a hazy altar of Hepliaklqana.
     3 | D        | Found a burning altar of Makhleb.
     3 | D        | Found an opulent altar of Gozag.
    19 | D        | Killed Menkaure
    22 | D        | Killed Josephine
    29 | D        | Got out of the dungeon alive.

Vault maps used:
D:        sprint_v

Table legend:
 A = Non-vault XP
 B = Vault XP
 C = Vault XP percentage of total XP
 D = Non-vault monster count
 E = Vault monster count
 F = Vault count percentage of total count
                 A         B        C        D         E       F
            +---------+---------+-------+---------+---------+-------
      Total |       0 |       0 |   N/A |       0 |       0 |  -nan
            +---------+---------+-------+---------+---------+-------
            +---------+---------+-------+---------+---------+-------
